Map: King's Cove LE

Players

Woah - Winner!

  • Race: Terran Terran
  • Spawn Location: 5:00

KLiiRiK

  • Race: Protoss Protoss
  • Spawn Location: 11:00

VOD

Have the link to the VOD?

Description

Time

  • Played on: June 12, 2019, 2:01 a.m.
  • Length: 12:51
Show
View Real Time Build Order
Export as new Build Order

Woah Terran - Winner!

Build Orders: Reaper Expand 

Get SALT Encoding   

  12  0:02  SCV  
  13  0:14  SCV  
  14  0:19  Supply Depot  
  14  0:29  SCV  
  15  0:42  Barracks  
  15  0:44  Refinery  
  15  0:45  SCV  
  16  0:59  SCV  
  17  1:11  SCV  
  18  1:23  SCV  
  19  1:28  Reaper  
  20  1:35  Orbital Command  
  20  1:48  Command Center  
  20  1:57  Supply Depot  
  20  2:01  SCV  
  21  2:03  Barracks Reactor  
  21  2:13  SCV  
  22  2:25  Factory  
  22  2:41  SCV, Marine x2, Refinery  
  25  2:53  SCV  
  26  3:00  SCV  
  26  3:02  Marine x2  
  29  3:06  Bunker  
  29  3:13  Factory Tech Lab  
  29  3:14  Starport  
  29  3:23  Orbital Command  
  29  3:27  SCV  
  30  3:38  Engineering Bay  
  30  3:39  SCV  
  31  3:49  SCV  
  31  3:51  SCV  
  33  3:58  Raven  
  33  4:00  Barracks  
  35  4:04  SCV  
  35  4:05  SCV  
  37  4:16  SCV  
  38  4:19  Terran Infantry Weapons Level 1, Barracks  
  38  4:22  Factory Tech Lab  
  38  4:25  Barracks  
  38  4:27  Marine  
  38  4:28  Marine  
  40  4:31  SCV  
  40  4:32  SCV  
  42  4:42  Siege Tank  
  45  4:51  Supply Depot  
  45  4:59  SCV  
  46  5:04  Command Center  
  46  5:14  Barracks Reactor, Barracks Tech Lab  
  46  5:16  Starport Reactor  
  46  5:20  SCV x2, Combat Shield  
  48  5:33  Supply Depot  
  48  5:35  SCV  
  48  5:36  SCV  
  48  5:42  Marauder x2  
  54  5:52  Stimpack  
  54  5:54  SCV x2, Marine x4  
  60  6:05  Armory  
  60  6:06  SCV x2  
  60  6:07  Engineering Bay  
  62  6:13  Supply Depot  
  62  6:15  Marine  
  62  6:18  SCV x2, Supply Depot  
  63  6:21  Marine  
  63  6:22  Marine  
  67  6:31  SCV, Medivac  
  70  6:34  Medivac  
  70  6:38  Marine x4  
  70  6:39  Marine  
  77  6:44  Refinery  
  77  6:45  Refinery  
  77  6:48  Missile Turret  
  77  6:53  Orbital Command  
  77  6:55  SCV  
  77  6:56  SCV  
  79  7:07  SCV  
  80  7:20  Marine  
  80  7:21  Marauder x2, Marine x3  
  88  7:24  Terran Infantry Weapons Level 2  
  88  7:38  Ghost Academy, Marine  
  88  7:39  Barracks  
  82  8:31  Ghost x2  
  86  8:39  Barracks Tech Lab  
  86  8:40  SCV, Bunker  
  89  8:41  SCV x2  
  89  8:46  Supply Depot x2  
  89  8:51  Barracks  
  89  8:53  SCV x3  
  92  8:58  Ghost  
  92  8:59  Marine x4  
  92  9:00  Marauder  
  92  9:01  Marauder  
  102  9:03  Terran Infantry Armor Level 1  
  102  9:05  SCV x3, Barracks  
  107  9:10  Barracks  
  107  9:11  Barracks  
  107  9:14  Medivac  
  107  9:15  Medivac  
  107  9:17  SCV x3, Command Center, Marine x4  
  116  9:29  SCV  
  117  9:35  Sensor Tower  
  117  10:03  Ghost  
  117  10:04  Ghost, Marine  
  117  10:05  Marine x3  
  125  10:09  Barracks Tech Lab  
  125  10:11  Supply Depot  
  125  10:14  Personal Cloaking, Supply Depot  
  125  10:16  Supply Depot  
  125  10:24  Supply Depot x2  
  125  10:26  Supply Depot, Marine x5  
  130  10:50  Marauder  
  130  10:51  Marauder x3  
  138  11:11  Marauder  
  138  11:12  Marauder x3  
  146  11:21  Marine x2  
  146  11:22  Marine x2  
  147  11:33  Marauder x4  
  147  11:39  Marine x4  
  157  11:54  Marine x4  
  156  11:57  Marine x4  
  136  12:11  Marine  
  136  12:12  Marine  
Show
View Real Time Build Order
Export as new Build Order

KLiiRiK Protoss 

Build Orders: Double Forge, Zealot Archon 

Get SALT Encoding   

  1  0:00  Probe  
  12  0:06  Probe  
  14  0:15  Probe  
  15  0:26  Pylon  
  15  0:30  Assimilator  
  15  0:44  Probe  
  15  0:45  Gateway  
  16  0:56  Probe  
  17  1:08  Probe, Gateway  
  18  1:20  Probe  
  19  1:32  Assimilator, Probe  
  20  1:37  Cybernetics Core  
  20  1:48  Pylon  
  20  1:58  Pylon  
  20  1:59  Probe  
  20  2:07  Probe  
  22  2:30  Twilight Council  
  22  2:32  Gateway  
  22  2:39  Forge  
  22  2:47  Forge  
  22  2:52  Stalker  
  22  2:54  Stalker  
  26  3:16  Nexus  
  26  3:24  Photon Cannon  
  26  3:42  Pylon  
  26  3:48  Templar Archives  
  26  4:01  Forge  
  26  4:07  Protoss Ground Weapons Level 1  
  26  4:13  Photon Cannon  
  26  4:26  Gateway  
  26  4:31  Probe x2  
  28  4:39  Probe x2  
  30  4:50  Charge  
  30  4:58  Protoss Shields Level 1  
  30  5:02  Probe x2  
  32  5:14  Probe x2  
  34  5:23  Pylon  
  34  5:25  Pylon  
  34  5:26  Probe  
  34  5:27  Probe  
  36  5:31  Pylon  
  36  5:34  Warp Gate  
  36  5:35  Assimilator  
  36  5:37  Assimilator  
  36  5:39  Probe x2  
  38  6:02  Probe x2  
  40  6:10  High Templar  
  42  6:11  High Templar  
  42  6:14  Probe x2  
  46  6:18  High Templar  
  46  6:19  High Templar  
  50  6:30  Protoss Ground Weapons Level 2  
  50  6:38  Pylon  
  50  6:45  Shield Battery  
  50  6:52  Archon  
  50  7:02  Robotics Facility  
  50  7:03  Archon  
  50  7:08  Protoss Shields Level 2  
  50  7:20  Pylon  
  50  7:25  Zealot  
  50  7:26  Zealot  
  50  7:29  High Templar x2  
  58  7:35  Archon  
  58  7:54  Observer  
  59  8:00  Zealot x2  
  59  8:05  Stalker x2  
  60  8:15  Immortal  
  61  8:35  Nexus  
  61  8:41  Photon Cannon  
  61  8:42  Photon Cannon  
  61  8:44  Photon Cannon  
  61  8:46  Photon Cannon  
  61  8:50  Photon Cannon  
  61  8:51  Photon Cannon  
  61  8:53  Stalker x2, Shield Battery  
  61  8:54  Stalker  
  61  8:55  Stalker, Immortal  
  73  9:05  Pylon  
  73  9:26  Zealot x2  
  73  9:27  Zealot  
  79  9:32  Zealot  
  81  10:04  Warp Prism  
  83  10:14  Protoss Shields Level 3, Blink  
  83  10:23  Stalker  
  83  10:27  Stalker  
  87  11:01  Stalker x3  
  87  11:02  Stalker  
  82  11:28  Stalker x4  
Tags
 
Composition
Zealot Archon
Matchup
PvT
Replay Pack
r1
Spawn Locations
Cross Positions
Add a new tag
Caveats
  • Supply blocks, unpowered buildings, or Contaminate may cause inaccurate times.
  • Supply counts are checked every 10 seconds.